 Dungeon Crawl Stone Soup version 0.15.2 (webtiles) character file.

179 magipi the Chopper (level 5, 0/27 HPs)
             Began as a Vine Stalker Berserker on Sept 29, 2015.
             Was a Priest of Trog.
             Killed by divine providence
             ... invoked by an orc priest
              (12 damage)
             ... on Level 6 of the Dungeon.
             The game lasted 00:08:32 (1295 turns).

magipi the Chopper (Vine Stalker Berserker)         Turns: 1295, Time: 00:08:32

HP   0/27        AC  5     Str 19      XL: 5   Next: 59%
MP   0/7         EV 10     Int  7      God: Trog [***...]
Gold 84          SH  0     Dex 15      Spells:  0 memorised,  4 levels left

rFire  . . .     SeeInvis .     a - +0 hand axe
rCold  . . .     Clarity  .     s - +0 ring mail
rNeg   . . .     rCorr    .     (no shield)
rPois  .         rRot     +     (no helmet)
rElec  .         Spirit   +     (no cloak)
SustAb .         Warding  .     (no gloves)
rMut   .         Stasis   .     (no boots)
Gourm  .                        (no amulet)
MR     .....                    (no ring)
                                (no ring)

@: not resistant to hostile enchantments, very unstealthy
A: fangs 2, regeneration 1, magic shield, antimagic bite, no device heal 3, rot
immunity
a: Burn Spellbooks, Berserk, Trog's Hand, Renounce Religion


You were on level 6 of the Dungeon.
You worshipped Trog.
Trog was most pleased with you.
You were not hungry.

You visited 1 branch of the dungeon, and saw 4 of its levels.

You collected 84 gold pieces.

Inventory:

Hand weapons
 a - a +0 hand axe (weapon)
Missiles
 j - 10 poisoned needles
 p - 6 tomahawks (quivered)
Armour
 b - a +0 animal skin
 s - a +0 ring mail (worn)
 v - a +0 scale mail
Magical devices
 x - a wand of cold (3)
Comestibles
 c - 2 bread rations
 m - 3 meat rations
 t - a rotting chunk of quokka flesh
Scrolls
 d - 4 scrolls of identify {unknown}
 f - a scroll of amnesia {unknown}
 h - 6 scrolls of recharging {unknown}
 l - 4 scrolls of remove curse {unknown}
 q - a scroll of random uselessness {unknown}
 r - a scroll of fear {unknown}
Potions
 e - a potion of curing {unknown}
 g - a potion of cancellation {unknown}
 i - a potion of magic {unknown}
 k - a potion of mutation {unknown}
 o - 2 potions of might {unknown}
 u - a potion of brilliance {unknown}
Books
 w - a book of Clouds

   Spells                             Type                      Level
   Mephitic Cloud                     Conjuration/Poison/Air       3
   Conjure Flame                      Conjuration/Fire             3
   Poisonous Cloud                    Conjuration/Poison/Air       6
   Freezing Cloud                     Conjuration/Ice/Air          6
   Ring of Flames                     Charms/Fire                  7
   Trog disapproves of the use of such an item.


   Skills:
 - Level 2.6 Fighting
 + Level 5.5 Axes
 - Level 1.5 Armour
 - Level 1.5 Dodging


You had 4 spell levels left.
You didn't know any spells.

Dungeon Overview and Level Annotations

Branches:
Dungeon (6/15)
 Temple: D:4-7

Altars:
Ashenzari


Innate Abilities, Weirdness & Mutations

You have extremely sharp teeth.
Your natural rate of healing is unusually fast.
When hurt, damage is shared between your health and your magic reserves.
Your bite disrupts and absorbs the magic of your enemies.
Potions and wands cannot restore your health.
You are immune to rotting.

Vault maps used:
D:1:      roderic_crop_circles_arrival_small, minmay_misc_feat_four_crosses,
          ashenzari_altar_1
D:3:      first_bread, hangedman_decor_peaks_small, uniq_natasha, uniq_iyjb


Message History

Your Axes skill increases to level 5!
You have reached level 4!
You feel agile.
You have reached level 5!
Things that are here:
a shortbow; 23 arrows; a centaur corpse You offer a prayer to Trog.
The centaur corpse is consumed in a column of flame.
Trog is most pleased with you.
You feel a strong urge to attack something.
You feel your anger subside.
You are no longer berserk.
You are exhausted.
You feel yourself slow down.
You are feeling hungry.
You see here a scroll labeled DECWED ANAT.
h - 6 scrolls labeled DECWED ANAT (gained 1)
You hit the hound. Your bite misses the hound.
The hound is lightly wounded.
The hound bites you. The hound barely misses you. The hound bites you.
You barely miss the hound.
The hound is lightly wounded.
The hound bites you but does no damage. The hound bites you.
Unknown command.
You hit the hound.
The hound is heavily wounded.
The hound bites you but does no damage. The hound barely misses you.
You miss the hound. Your bite misses the hound.
The hound is heavily wounded.
The hound closely misses you. The hound bites you. The hound barely misses you.
You completely miss the hound. Your bite misses the hound.
The hound is heavily wounded.
The hound bites you. The hound misses you.
You are feeling very hungry.
You hit the hound. Your bite misses the hound.
The hound is severely wounded.
The hound misses you. The hound bites you but does no damage.
You hit the hound.
You kill the hound!
Trog accepts your kill.
You see here a thin metal-bound book.
w - a book of Clouds
Things that are here:
a shortbow; 23 arrows
m - 3 meat rations (gained 1)
Things that are here:
a shortbow; 23 arrows You feel yourself speed up.
x - a forked wooden wand Evoke which item? (* to show all) (? for menu, Esc to quit)
Zapping:
x - a forked wooden wand
Press: ? - help, Shift-Dir - straight line
x - a wand of cold {zapped: 1} An adder comes into view.
The adder barely misses you.
You closely miss the adder. The adder closely misses you.
You miss the adder. You bite the adder. You drain its power.
You feel invigorated.
The adder is heavily wounded.
The adder bites you.
You hit the adder.
You kill the adder!
Trog accepts your kill.
You feel less exhausted.
Found 16 sling bullets.
A giant mite comes into view.
You smell something rotten. (slot t)
You hit the giant mite.
The giant mite is moderately wounded.
The giant mite bites you.
You hit the giant mite. Your bite misses the giant mite.
The giant mite is heavily wounded.
The giant mite bites you but does no damage.
You hit the giant mite.
You kill the giant mite!
Trog accepts your kill.
You see here a giant mite corpse.
You offer a prayer to Trog.
The giant mite corpse is slowly consumed by flames.
Trog is most pleased with you.
Eat which item? (? for menu, Esc to quit)
You continue eating.
You finish eating.
Mmm...
Cheddar pizza.
An orc and an orc priest come into view.
The orc moves out of view.
The orc priest prays to Beogh.
You feel a wave of unholy energy pass over you.
You start waiting.
The orc priest calls down the wrath of Beogh upon you.
Pain shoots through your body!
You hit the orc priest but do no damage.
Your bite misses the orc priest.
The orc priest invokes the aid of Beogh against you.
Something smites you!
You hit the orc priest.
The orc priest is lightly wounded.
The orc priest hits you but does no damage.
The orc priest calls down the wrath of Beogh upon you.
Something smites you!
You die...

####### #....(#
#############.###.#
#.@...........# #.#
#o#######.##### #.#
#o #.#######.# #.
#.......... #.
#.#######.# #. #.#
#.# #. #.# #.# #.
#.# #.# . ..# #.#


You could see an orc priest and an orc.

Table legend:
 A = Kills in this place as a percentage of kills in entire the game.
 B = Kills by you in this place as a percentage of kills by you in the entire game.
 C = Kills by friends in this place as a percentage of kills by friends in the entire game.
 D = Other kills in this place as a percentage of other kills in the entire game.
 E = Experience gained in this place as a percentage of experience gained in the entire game.
 F = Experience gained in this place divided by the number of levels of this place that you have seen.
                   A       B       C       D       E      F
               +-------+-------+-------+-------+-------+----------------------
         Total | 100.0 | 100.0 |  -nan |  -nan | 100.0 |  64.0
       Dungeon | 100.0 | 100.0 |  -nan |  -nan | 100.0 |  64.0
               +-------+-------+-------+-------+-------+----------------------

Vanquished Creatures
  A centaur (D:6)
  A hound (D:6)
  3 adders
  A giant mite (D:6)
  7 bats
  5 giant cockroaches
  A goblin (D:2)
  2 hobgoblins
  7 jackals (D:2)
  A quokka (D:2)
  A giant gecko (D:2)
  5 giant newts (D:2)
  4 kobolds
  3 rats
42 creatures vanquished.

Notes
Turn   | Place    | Note
--------------------------------------------------------------
     0 | D:1      | magipi, the Vine Stalker Berserker, began the quest for the Orb.
     0 | D:1      | Reached XP level 1. HP: 11/11 MP: 1/1
   105 | D:1      | Reached skill level 3 in Axes
   159 | D:1      | Reached XP level 2. HP: 16/16 MP: 3/3
   347 | D:1      | Found a shattered altar of Ashenzari.
   358 | D:1      | Acquired Trog's second power
   519 | D:2      | Reached XP level 3. HP: 16/19 MP: 4/4
   906 | D:2      | Reached skill level 4 in Axes
  1193 | D:3      | You fall through a shaft for 3 floors!
  1193 | D:6      | Noticed a centaur
  1205 | D:6      | Killed a centaur
  1205 | D:6      | Reached skill level 5 in Axes
  1205 | D:6      | Reached XP level 4. HP: 20/23 MP: 3/5
  1205 | D:6      | Reached XP level 5. HP: 23/27 MP: 4/7
  1295 | D:6      | Killed from afar by an orc priest

Action                   |  1- 3 |  4- 6 || total
-------------------------+-------+-------++-------
Melee: Hand axe          |    94 |    15 ||   109
Invok: Berserk           |     4 |       ||     4
Evoke: Wand              |       |     1 ||     1
  Eat: Chunk             |     4 |       ||     4
       Pizza             |       |     1 ||     1

Action                   |  1- 3 |  4- 6 || total
-------------------------+-------+-------++-------
Melee: Hand axe          |    94 |    15 ||   109
Invok: Berserk           |     4 |       ||     4
Evoke: Wand              |       |     1 ||     1
  Eat: Chunk             |     4 |       ||     4
       Pizza             |       |     1 ||     1

Action                   |  1- 3 |  4- 6 || total
-------------------------+-------+-------++-------
Melee: Hand axe          |    94 |    15 ||   109
Invok: Berserk           |     4 |       ||     4
Evoke: Wand              |       |     1 ||     1
  Eat: Chunk             |     4 |       ||     4
       Pizza             |       |     1 ||     1
